 Dungeon Crawl Stone Soup version 0.24.0-123-gd5b16e6ec5 (webtiles) character file.

Game seed: 9116348703099768544, levelgen mode: deterministic

56 Chiseanne the Skirmisher (level 3, -3/31 HPs)
             Began as a Mummy Chaos Knight on Jan 15, 2020.
             Was a Plaything of Xom.
             Slain by an adder (4 damage)
             ... on level 2 of the Dungeon.
             The game lasted 00:02:28 (959 turns).

Chiseanne the Skirmisher (Mummy Chaos Knight)        Turns: 959, Time: 00:02:29

Health: -3/31      AC:  6    Str: 15    XL:     3   Next: 71%
Magic:  3/3        EV: 11    Int: 11    God:    Xom [..*...]
Gold:   23         SH:  0    Dex: 12    Spells: 2/2 levels left

rFire    x . .     SeeInvis .   a - +1 falchion (chaos)
rCold    + . .     Gourm    .   (no shield)
rNeg     + + +     Faith    .   b - +3 leather armour
rPois    ∞         Spirit   .   (no helmet)
rElec    .         Reflect  .   (no cloak)
rCorr    .         Harm     .   (no gloves)
MR       .....                  (no boots)
Stlth    +.........             (no amulet)
HPRegen  0.10/turn              (no ring)
MPRegen  0.08/turn              (no ring)

@: no status effects
A: no food or potions, fire vulnerability, cold resistance 1, negative energy
resistance 3, torment resistance, unbreathing
a: Renounce Religion


You were on level 2 of the Dungeon.
You worshipped Xom.
You were a toy of Xom.
You were not hungry.

You visited 1 branch of the dungeon, and saw 2 of its levels.

You collected 23 gold pieces.

Inventory:

Hand Weapons
 a - a +1 falchion of chaos (weapon)
Missiles
 c - 11 stones (quivered)
 d - 13 sling bullets
 h - 7 arrows
 i - 15 bolts {god gift}
 l - 11 poisoned darts
Armour
 b - a +3 leather armour (worn)
Scrolls
 e - a scroll of fear


   Skills:
 + Level 4.7 Fighting
 - Level 2.4 Long Blades
 - Level 1.5 Armour
 - Level 0.7 Dodging


You had 2 spell levels left.
You didn't know any spells.
Your spell library was empty.

Dungeon Overview and Level Annotations

Branches:
Dungeon (2/15)

Altars:


Innate Abilities, Weirdness & Mutations

You do not eat or drink.
Your flesh is vulnerable to fire.
You are immune to poison.
Your flesh is cold resistant. (rC+)
You are immune to negative energy. (rN+++)
You are immune to unholy pain and torment.
You can survive without breathing.


Message History

Found a ring mail, 2 rations and 19 gold pieces.
A rat comes into view.
The bat barely misses you. The bat closely misses you.
You miss the bat. The bat barely misses you. The bat closely misses you.
The rat bites you but does no damage. The bat misses you.
You riposte.
You barely miss the bat. You hit the bat.
You kill the bat!
The rat bites you but does no damage. The adder bites you but does no damage.
The adder bites you.
* * * LOW HITPOINT WARNING * * *
You hit the adder.
The adder flickers and vanishes!
Deactivating autopickup; reactivate with Ctrl-A.
Something bites you.
* * * LOW HITPOINT WARNING * * *
As you read the scroll labeled QUYHUC LYCH, it crumbles to dust.
You feel aware of your surroundings.
You sensed 3 altars.
It was a scroll of magic mapping.
Something bites you.
You die...

#..........#≈≈≈≈*****
#........%..≈≈≈≈≈,,,**
#..........#≈≈≈≈≈**,,,
#..........##≈≈≈≈*****
#............≈≈≈≈**
##..........#≈≈≈≈≈****
##..r...#.##≈≈≈≈≈**,,
#..#{####...,≈≈≈≈.,,*
*#.##@#***,##*≈≈≈≈#***
****#..##......# *≈≈≈≈#
*,,...#....#...#*#≈≈≈≈#
*,....#.....,###*≈≈≈≈≈##**
*,.........##* *≈≈≈≈≈..,,
*,,,,.#(...######≈≈≈≈##.<,
*,,,..#...?.)Z..≈≈≈≈≈...,,
*,,..,#...)†####≈≈≈≈≈###**
*,>,,,#....<#**≈≈≈≈≈## *


You could see a rat.

Vanquished Creatures
  An adder (D:1)
  An ooze (D:1)
  A worm (D:2)
  A giant cockroach (D:2)
  8 goblins (D:1)
  2 hobgoblins (D:1)
  8 jackals (D:1)
  A ball python (D:1)
  6 bats
  2 frilled lizards (D:1)
  7 kobolds
  A rat (D:1)
39 creatures vanquished.

Notes
Turn   | Place    | Note
-------+----------+-------------------------------------------
     0 | D:1      | Chiseanne the Mummy Chaos Knight began the quest for the
                  | Orb.
     0 | D:1      | Reached XP level 1. HP: 18/18 MP: 1/1
    85 | D:1      | XOM: noise
    97 | D:1      | Reached XP level 2. HP: 18/24 MP: 2/2
    97 | D:1      | XOM: harmless Conj miscast
   109 | D:1      | XOM: silly message
   383 | D:1      | XOM: divination: magic mapping
   392 | D:1      | XOM: enchant monster (bad)
   396 | D:1      | Reached skill level 4 in Fighting
   559 | D:1      | Reached XP level 3. HP: 30/30 MP: 3/3
   600 | D:1      | XOM: mild Pois miscast
   773 | D:1      | XOM: harmless Chrm miscast
   813 | D:1      | XOM: divination: magic mapping
   922 | D:1      | XOM: god gift: 15 bolts {god gift}
   958 | D:2      | HP: 1/31 [something (2)]
   959 | D:2      | Slain by an adder

Levels and vault maps discovered:
D:1:      dpeg_arrival_radiant, layout_loops_ring, minmay_split_cup_large
D:2:      wander_river, layout_rooms, lemuel_crystal_altar, tso_oasis_becter,
          old_standard_altar, first_ration

Skill      XL: |  1  2 |
---------------+-------+-----
Fighting       | 4 |  4.7
Long Blades    | |  2.4
Armour         | |  1.5
Dodging        | |  0.7

Action                   || total
-------------------------++-------
Melee: Falchion          ||   103
  Use: Scroll            ||     8
 Stab: Confused          ||     1
Armor: Leather armour    ||    44
Dodge: Dodged            ||    84
       Rpst.: Falchion   ||    24
